[Event "24. Engiadina Open"]
[Site "?"]
[Date "2017.10.12"]
[Round "5.2"]
[White "Fecker, Noah"]
[Black "Schunk, Thomas"]
[Result "0-1"]
[ECO "C41"]
[WhiteElo "2195"]
[BlackElo "2111"]
[PlyCount "90"]
[EventDate "2017.??.??"]
[TimeControl "6000+620"]
[WhiteClock "0:03:03"]
[BlackClock "0:40:51"]

1. e4 e5 2. Nf3 d6 3. d4 exd4 4. Nxd4 Nf6 5. Nc3 Be7 6. Bf4 O-O 7. Qd2 a6 8.
O-O-O b5 9. f3 c6 10. g4 b4 11. Nce2 Qa5 12. Kb1 Ne8 13. Nf5 Bxf5 14. gxf5 Nd7
15. Rg1 Rd8 16. Ng3 Ndf6 17. Bg5 Kh8 18. Nh5 Qc5 19. Bd3 Rg8 20. Be3 Qa5 21.
Nf4 d5 22. Qf2 dxe4 23. Bb6 Qe5 24. Bxd8 Bxd8 25. fxe4 Bc7 26. Ne2 c5 27. Qg3
Qe7 28. Qh4 Be5 29. Nf4 Qc7 30. Nd5 Nxd5 31. exd5 Bf6 32. Qh5 h6 33. Qe2 Nd6
34. Bc4 Re8 35. Qd3 Re4 36. b3 Qa5 37. a4 bxa3 38. Ka2 Rd4 39. Qe2 Qc3 40. Rb1
Rd2 41. Qxd2 Qxd2 42. Bd3 Nb5 43. Bxb5 Qxc2+ 44. Kxa3 axb5 45. Rgc1 Qd2 0-1

[Event "24. Engiadina Open"]
[Site "?"]
[Date "2017.10.12"]
[Round "5.3"]
[White "Fecker, Jan"]
[Black "Vilaseca, Laurent"]
[Result "0-1"]
[ECO "A37"]
[WhiteElo "1804"]
[BlackElo "2092"]
[PlyCount "62"]
[EventDate "2017.??.??"]
[TimeControl "6000+2070"]
[WhiteClock "0:04:04"]
[BlackClock "0:11:24"]

1. Nf3 c5 2. c4 g6 3. g3 Bg7 4. Bg2 Nc6 5. Nc3 e5 6. d3 Nge7 7. e4 d6 8. O-O
O-O 9. Rb1 f5 10. exf5 Bxf5 11. a3 Qd7 12. b4 cxb4 13. axb4 Bg4 14. Ne4 Nd4 15.
Ned2 Nec6 16. b5 Nxf3+ 17. Bxf3 Bxf3 18. Nxf3 Nd8 19. Be3 h6 20. Nd2 d5 21. Bc5
Rf7 22. Qc2 Ne6 23. Ba3 Nd4 24. Qa2 Qf5 25. Bb2 Ne2+ 26. Kg2 Qxd3 27. Ba1 dxc4
28. Qxc4 Qxd2 29. Rbd1 Nf4+ 30. Kh1 Qe2 31. Qb3 Nh3 0-1

[Event "24. Engiadina Open"]
[Site "?"]
[Date "2017.10.12"]
[Round "5.4"]
[White "Remensberger, Paul"]
[Black "Joller, Hans"]
[Result "1-0"]
[ECO "A05"]
[WhiteElo "2111"]
[BlackElo "1891"]
[PlyCount "87"]
[EventDate "2017.??.??"]
[TimeControl "6000+830"]
[WhiteClock "0:19:30"]
[BlackClock "1:04:32"]

1. Nf3 Nf6 2. c4 d6 3. d4 c6 4. g3 Bg4 5. Bg2 g6 6. Nc3 h6 7. h3 Bc8 8. e4 Bg7
9. Be3 Na6 10. Qc2 Nc7 11. Rd1 O-O 12. O-O Rb8 13. Rfe1 b5 14. b3 Bd7 15. e5
Nfe8 16. Nh4 Qc8 17. Qd2 b4 18. Ne4 d5 19. Nc5 Bxh3 20. Bxh6 Bxg2 21. Kxg2 dxc4
22. bxc4 Ne6 23. Bxg7 N8xg7 24. Nb3 Nh5 25. Re4 Kg7 26. d5 cxd5 27. cxd5 Rd8
28. Qe3 Qb7 29. Na5 Qb5 30. Nc6 Rxd5 31. Rxd5 Qxd5 32. Nxb8 f5 33. exf6+ Nxf6
34. f3 Nxe4 35. Qxe4 Qd2+ 36. Kh1 Qc1+ 37. Kh2 Qb2+ 38. Ng2 Qxa2 39. Qxb4 Kh6
40. Qh4+ Kg7 41. Qxe7+ Kh6 42. Nd7 Qd5 43. Nf6 Qc4 44. Ng4+ 1-0

[Event "24. Engiadina Open"]
[Site "?"]
[Date "2017.10.12"]
[Round "5.5"]
[White "Frehner, Walter"]
[Black "Wyss, Thomas"]
[Result "1-0"]
[ECO "D30"]
[WhiteElo "1914"]
[BlackElo "2251"]
[PlyCount "65"]
[EventDate "2017.??.??"]
[TimeControl "6000+470"]
[WhiteClock "0:39:51"]
[BlackClock "0:12:33"]

1. d4 d5 2. c4 e6 3. Nf3 c5 4. e3 Nc6 5. Nc3 Nf6 6. Bd3 a6 7. a3 Bd6 8. O-O O-O
9. dxc5 Bxc5 10. b4 Bd6 11. Bb2 Qe7 12. Rc1 Rd8 13. Qc2 Bd7 14. h3 Rac8 15.
cxd5 exd5 16. Qb1 Ne5 17. Be2 Ng6 18. Rfd1 Be6 19. Bd3 Bb8 20. Ne2 Re8 21. Rxc8
Bxc8 22. Bf5 Ne4 23. Bxc8 Nxf2 24. Rc1 Qxe3 25. Bd4 Nxh3+ 26. Kh1 Qxe2 27. Bxh3
Bg3 28. Qb2 f6 29. Qxe2 Rxe2 30. Bc8 Nf4 31. Bxb7 g5 32. Bxf6 g4 33. Ne5 1-0

[Event "24. Engiadina Open"]
[Site "?"]
[Date "2017.10.12"]
[Round "5.6"]
[White "Eschmann, Patrick"]
[Black "Müller, Werner"]
[Result "1-0"]
[ECO "B22"]
[WhiteElo "2160"]
[BlackElo "2062"]
[PlyCount "59"]
[EventDate "2017.??.??"]
[TimeControl "6000+950"]
[WhiteClock "0:33:10"]
[BlackClock "0:30:59"]

1. e4 c5 2. c3 d6 3. d4 Nf6 4. Bd3 cxd4 5. cxd4 g6 6. Nc3 Bg7 7. Nf3 O-O 8. h3
e5 9. dxe5 dxe5 10. O-O Nc6 11. Bc4 Qe7 12. Bg5 Qc5 13. Bd5 Be6 14. Bxe6 fxe6
15. Qb3 Nd4 16. Nxd4 exd4 17. Qxe6+ Kh8 18. Bxf6 Rxf6 19. Qd5 Rc6 20. Qxc5 Rxc5
21. Nd5 Rc2 22. Rab1 Rac8 23. Nb4 Rd2 24. Rfd1 Rxd1+ 25. Rxd1 a5 26. Nd3 b5 27.
Kf1 b4 28. Rc1 Rxc1+ 29. Nxc1 a4 30. b3 1-0

[Event "24. Engiadina Open"]
[Site "?"]
[Date "2017.10.13"]
[Round "6.1"]
[White "Vilaseca, Laurent"]
[Black "Rausch, Stephan"]
[Result "0-1"]
[ECO "D00"]
[WhiteElo "2092"]
[BlackElo "2229"]
[PlyCount "74"]
[EventDate "2017.??.??"]
[TimeControl "6000+650"]
[WhiteClock "0:08:25"]
[BlackClock "0:40:22"]

1. d4 d5 2. Bf4 Nf6 3. e3 c5 4. Be2 Nc6 5. Nf3 Qb6 6. b3 cxd4 7. exd4 Bg4 8. c3
e6 9. O-O Rc8 10. h3 Bh5 11. Ne5 Nxe5 12. dxe5 Bxe2 13. Qxe2 Ne4 14. c4 Bc5 15.
cxd5 Nxf2 16. Rxf2 Bd4 17. Nd2 Bxa1 18. Nc4 Rxc4 19. Qxc4 Bd4 20. Qa4+ Kf8 21.
Bg3 exd5 22. Qd7 Qe6 23. Qd8+ Qe8 24. Qxd5 Bxf2+ 25. Bxf2 Qc8 26. Bxa7 h5 27.
Be3 Kg8 28. Bg5 Qf5 29. h4 Kh7 30. Qxb7 Re8 31. Bf6 Kg6 32. Qb5 Ra8 33. Bg5
Rxa2 34. Qb6+ Kh7 35. Qe3 g6 36. Be7 Qg4 37. Qf3 Qd4+ 0-1

[Event "24. Engiadina Open"]
[Site "?"]
[Date "2017.10.13"]
[Round "6.2"]
[White "Simon, Ralf-Axel"]
[Black "Schunk, Thomas"]
[Result "1-0"]
[ECO "B81"]
[WhiteElo "2214"]
[BlackElo "2111"]
[PlyCount "91"]
[EventDate "2017.??.??"]
[TimeControl "6000+1260"]
[WhiteClock "0:17:54"]
[BlackClock "1:16:49"]

1. Nf3 c5 2. e4 e6 3. d4 cxd4 4. Nxd4 Nf6 5. Nc3 d6 6. g4 a6 7. g5 Nfd7 8. Be3
Be7 9. Qd2 Nc6 10. h4 Nde5 11. Be2 Na5 12. b3 Nac6 13. f4 Nd7 14. Nd1 Qa5 15.
c3 Nxd4 16. cxd4 Qxd2+ 17. Kxd2 b6 18. Nf2 Bb7 19. Rhc1 Bd8 20. Bf3 b5 21. a4
Ba5+ 22. Ke2 Ke7 23. Nd3 Bb6 24. a5 Bd8 25. Nb4 Re8 26. Nc6+ Kf8 27. Nxd8 Raxd8
28. Rc7 Ba8 29. Rac1 f5 30. exf5 Bxf3+ 31. Kxf3 exf5 32. Ra7 Re7 33. Rxa6 Rde8
34. Rc3 b4 35. Rd3 Rc8 36. Rxd6 Kf7 37. Bd2 Rc2 38. Rd5 Kg6 39. Re3 Rxe3+ 40.
Kxe3 Nf8 41. Bxb4 Ne6 42. Rd6 Kf7 43. Rd7+ Kg8 44. d5 Nc7 45. h5 g6 46. Rd8+
1-0

[Event "24. Engiadina Open"]
[Site "?"]
[Date "2017.10.13"]
[Round "6.3"]
[White "Remensberger, Paul"]
[Black "Eschmann, Patrick"]
[Result "0-1"]
[ECO "D34"]
[WhiteElo "2111"]
[BlackElo "2160"]
[PlyCount "62"]
[EventDate "2017.??.??"]
[TimeControl "6000+895"]
[WhiteClock "0:29:16"]
[BlackClock "0:08:12"]

1. Nf3 d5 2. g3 c5 3. c4 e6 4. cxd5 exd5 5. d4 Nc6 6. Nc3 Nf6 7. Bg2 Be7 8. O-O
O-O 9. Bg5 cxd4 10. Nxd4 h6 11. Bxf6 Bxf6 12. Nb3 d4 13. Nd5 Re8 14. Nxf6+ Qxf6
15. Re1 Bg4 16. Qd2 Rad8 17. Rac1 d3 18. exd3 Rxe1+ 19. Rxe1 Ne5 20. d4 Nf3+
21. Bxf3 Bxf3 22. Re3 Bd5 23. Qe2 Qc6 24. Rc3 Qa4 25. Nc1 Bc6 26. Rc4 Qa6 27.
Rb4 Qa5 28. Qc4 Qf5 29. Qd3 Re8 30. f3 Qg5 31. Qf1 Qe3+ 0-1

[Event "24. Engiadina Open"]
[Site "?"]
[Date "2017.10.13"]
[Round "6.4"]
[White "Remensberger, Hansueli"]
[Black "Frehner, Walter"]
[Result "1-0"]
[ECO "A05"]
[WhiteElo "2073"]
[BlackElo "1914"]
[PlyCount "59"]
[EventDate "2017.??.??"]
[TimeControl "6000+470"]
[WhiteClock "0:33:52"]
[BlackClock "0:39:54"]

1. Nf3 Nf6 2. c4 c6 3. g3 d5 4. cxd5 cxd5 5. Bg2 e6 6. O-O Nc6 7. d4 Bd6 8. Nc3
O-O 9. Bg5 Be7 10. Rc1 h6 11. Bf4 a6 12. Na4 Nd7 13. a3 g5 14. Be3 Na5 15. Nd2
b5 16. Nc3 Bb7 17. f4 Qb6 18. b4 Nc6 19. Nb3 a5 20. Nc5 Bc8 21. fxg5 hxg5 22.
Qd2 axb4 23. axb4 Nxb4 24. Nxd7 Bxd7 25. Bxg5 Qd8 26. Bh6 Re8 27. Qf4 f5 28. g4
Bf8 29. gxf5 Bxh6 30. Qxh6 1-0

[Event "24. Engiadina Open"]
[Site "?"]
[Date "2017.10.13"]
[Round "6.5"]
[White "Hugentobler, Patrik"]
[Black "Fecker, Noah"]
[Result "0-1"]
[ECO "B40"]
[WhiteElo "2171"]
[BlackElo "2195"]
[PlyCount "118"]
[EventDate "2017.??.??"]
[TimeControl "6000+850"]
[WhiteClock "0:17:47"]
[BlackClock "0:07:25"]

1. e4 c5 2. Nf3 e6 3. b3 b6 4. d4 cxd4 5. Nxd4 Bb7 6. Nb5 d5 7. exd5 a6 8. Nd4
Qxd5 9. Be3 Nf6 10. Nf3 Qxd1+ 11. Kxd1 Nd5 12. Bd3 Nxe3+ 13. fxe3 Nd7 14. Nbd2
Nc5 15. Ke2 f6 16. Nc4 Rb8 17. c3 Nxd3 18. Kxd3 b5 19. Ncd2 Bc5 20. c4 Ke7 21.
Ke2 Rhd8 22. Rhd1 Rd7 23. Rab1 b4 24. Nf1 a5 25. Rxd7+ Kxd7 26. Rd1+ Kc7 27.
Nd4 Bxd4 28. Rxd4 Bxg2 29. Rg4 Bxf1+ 30. Kxf1 g6 31. Rh4 h5 32. Rf4 f5 33. h4
Rg8 34. Rd4 g5 35. hxg5 Rxg5 36. Rh4 Kc6 37. Kf2 Kc5 38. Rh1 a4 39. Rh4 a3 40.
Rh1 Kd6 41. Rh4 Kc5 42. Rh1 Kc6 43. Rh3 Kd6 44. Rh1 Ke5 45. Rh4 Rg8 46. Rxh5
Ke4 47. Rh4+ Kd3 48. Kf3 e5 49. Rh5 Kc3 50. Rh2 Rg1 51. Rf2 Rb1 52. Kg3 Re1 53.
Kf3 Kd3 54. Kg2 Kxe3 55. Rxf5 Re2+ 56. Kg3 Rxa2 57. Rxe5+ Kd4 58. Rd5+ Kc3 59.
c5 Kxb3 0-1

[Event "24. Engiadina Open"]
[Site "?"]
[Date "2017.10.13"]
[Round "6.6"]
[White "Arquint, Andri"]
[Black "Schwab, Felix"]
[Result "0-1"]
[ECO "A06"]
[WhiteElo "1967"]
[BlackElo "1938"]
[PlyCount "106"]
[EventDate "2017.??.??"]
[TimeControl "6000+1230"]
[WhiteClock "0:17:07"]
[BlackClock "0:29:32"]

1. Nf3 d5 2. g3 Nf6 3. Bg2 c5 4. O-O Nc6 5. d3 Bf5 6. Nbd2 Qd7 7. c4 Bh3 8.
cxd5 Nxd5 9. Ne4 e5 10. Bxh3 Qxh3 11. Qa4 Qd7 12. Bd2 f5 13. Nc3 Be7 14. a3 Rd8
15. Nxd5 Qxd5 16. Bc3 O-O 17. Rfd1 Nd4 18. Bxd4 cxd4 19. Qc4 Qxc4 20. dxc4 Bf6
21. Rab1 Rc8 22. b3 Rfd8 23. Ne1 e4 24. h3 g5 25. g4 f4 26. f3 d3 27. exd3 e3
28. Kf1 Rd6 29. Ke2 Rcd8 30. b4 Bc3 31. Nc2 h5 32. Rb3 Bg7 33. Rg1 Rh6 34. Rg2
hxg4 35. hxg4 Rh1 36. c5 Rc1 37. Ne1 Bc3 38. Rg1 Kf7 39. b5 Rh8 40. Rxc3 Rh2+
41. Rg2 Rxg2+ 42. Nxg2 Rxc3 43. Ne1 Ke6 44. d4 Kd5 45. c6 bxc6 46. bxc6 Kxc6
47. Nd3 Rxa3 48. Ne5+ Kd5 49. Nf7 Kxd4 50. Nxg5 Ra2+ 51. Kf1 Kd3 52. Nh3 e2+
53. Kf2 Kd2 {Ke1+} 0-1

[Event "24. Engiadina Open"]
[Site "?"]
[Date "2017.10.14"]
[Round "7.2"]
[White "Fecker, Jan"]
[Black "Simon, Ralf-Axel"]
[Result "0-1"]
[ECO "B20"]
[WhiteElo "1804"]
[BlackElo "2214"]
[PlyCount "112"]
[EventDate "2017.??.??"]
[TimeControl "6000+625"]
[WhiteClock "0:32:49"]
[BlackClock "0:08:15"]

1. e4 c5 2. d3 d5 3. exd5 Nf6 4. g3 Qxd5 5. Nf3 Bg4 6. Bg2 Qe6+ 7. Kf1 Bh3 8.
Ng5 Bxg2+ 9. Kxg2 Qc6+ 10. Nf3 e6 11. Re1 Be7 12. Kg1 Nbd7 13. Nc3 O-O 14. Bf4
Rad8 15. Qe2 Rfe8 16. Rad1 Qb6 17. Na4 Qb5 18. b3 Nd5 19. Bc1 Qa6 20. c4 Nb4
21. d4 cxd4 22. Nxd4 Nc5 23. Nc3 Nbd3 24. Ndb5 Nxe1 25. Rxe1 Nd3 26. Nc7 Qa5
27. Nxe8 Nxe1 28. Qxe1 Bb4 29. Bb2 Rxe8 30. Qa1 Ba3 31. Bxa3 Qxa3 32. Nb5 Qa5
33. a3 Rd8 34. b4 Qa4 35. Qe5 a6 36. Nc3 Qb3 37. Qc7 Rf8 38. Qe5 Qxc4 39. Ne4
f6 40. Qf4 Qc6 41. h3 Rd8 42. g4 e5 43. Qf5 Rd4 44. Ng3 Rd1+ 45. Kh2 g6 46. Qe4
Qxe4 47. Nxe4 Kf7 48. Nc5 Ra1 49. Nxb7 Rxa3 50. Nc5 Ke7 51. Kg2 f5 52. f3 Ra2+
53. Kg1 Kd6 54. Nd3 Kd5 55. b5 Ra1+ 56. Kf2 axb5 0-1

[Event "24. Engiadina Open"]
[Site "?"]
[Date "2017.10.14"]
[Round "7.3"]
[White "Fecker, Noah"]
[Black "Remensberger, Hansueli"]
[Result "1-0"]
[ECO "C15"]
[WhiteElo "2195"]
[BlackElo "2073"]
[PlyCount "109"]
[EventDate "2017.??.??"]
[TimeControl "6000+900"]
[WhiteClock "0:15:09"]
[BlackClock "0:26:15"]

1. e4 e6 2. d4 d5 3. Nc3 Bb4 4. exd5 exd5 5. Bd3 Nc6 6. a3 Ba5 7. Nge2 Bg4 8.
f3 Bh5 9. O-O Nge7 10. Na4 O-O 11. b4 Bb6 12. Nc5 Rb8 13. Bg5 Bg6 14. Bxg6 hxg6
15. Re1 Re8 16. Kh1 a6 17. c3 Bxc5 18. dxc5 Qd7 19. Bxe7 Rxe7 20. Nf4 Rbe8 21.
Rxe7 Nxe7 22. Qd2 Qf5 23. Re1 Kf8 24. g4 Qd7 25. Kg2 g5 26. Nh5 Ng6 27. Rxe8+
Qxe8 28. Kf2 Qe5 29. Ng3 Nf4 30. Qe3 Qf6 31. Nf5 g6 32. Qd4 Qxd4+ 33. Nxd4 Ke7
34. Ke3 c6 35. a4 Kf6 36. Nb3 Ne6 37. Na5 Nd8 38. Kd4 Ne6+ 39. Ke3 Nd8 40. c4
Ke5 41. b5 dxc4 42. Nxb7 cxb5 43. axb5 Ne6 44. bxa6 Kd5 45. a7 Nc7 46. Nd8 Kxc5
47. Nxf7 Kb4 48. Kd2 Kb3 49. Nxg5 c3+ 50. Kc1 Kc4 51. h4 Kd5 52. h5 gxh5 53.
gxh5 Ke5 54. h6 Kf6 55. h7 1-0

[Event "24. Engiadina Open"]
[Site "?"]
[Date "2017.10.14"]
[Round "7.4"]
[White "Schunk, Thomas"]
[Black "Vilaseca, Laurent"]
[Result "1-0"]
[ECO "A30"]
[WhiteElo "2111"]
[BlackElo "2092"]
[PlyCount "79"]
[EventDate "2017.??.??"]
[TimeControl "6000+950"]
[WhiteClock "0:47:16"]
[BlackClock "0:35:37"]

1. c4 c5 2. Nf3 Nc6 3. d4 cxd4 4. Nxd4 Nf6 5. Nc3 g6 6. e4 d6 7. Be2 Bg7 8. Nc2
O-O 9. O-O Be6 10. Rb1 Rc8 11. b3 a6 12. Bb2 Qa5 13. Ne3 Nd7 14. Ncd5 Bxd5 15.
exd5 Ncb8 16. Bxg7 Kxg7 17. Rb2 Nf6 18. g4 h6 19. Qd3 Nbd7 20. b4 Qc7 21. f4 a5
22. a3 axb4 23. axb4 Ra8 24. h4 Qb6 25. g5 hxg5 26. hxg5 Nh7 27. Bd1 Rh8 28.
Qc3+ Kg8 29. Rh2 f6 30. Kh1 Nhf8 31. Rxh8+ Kxh8 32. Ng4 Kg7 33. Re1 Qd8 34. Qe3
Kf7 35. Nh6+ Ke8 36. Bg4 f5 37. Nxf5 gxf5 38. Bh5+ Ng6 39. Bxg6+ Kf8 40. Qe6 {
Ke8} 1-0

[Event "24. Engiadina Open"]
[Site "?"]
[Date "2017.10.14"]
[Round "7.5"]
[White "Schwab, Felix"]
[Black "Wyss, Thomas"]
[Result "0-1"]
[ECO "B29"]
[WhiteElo "1938"]
[BlackElo "2251"]
[PlyCount "94"]
[EventDate "2017.??.??"]
[TimeControl "6000+650"]
[WhiteClock "0:26:11"]
[BlackClock "0:16:16"]

1. e4 c5 2. Nf3 Nf6 3. d3 Nc6 4. g3 d5 5. e5 Ng4 6. Bf4 g5 7. Bxg5 Ngxe5 8. Be2
Bg7 9. Nc3 Bh3 10. Nh4 Qd7 11. Qd2 h6 12. Bf4 Ng6 13. O-O-O e5 14. Qe1 O-O-O
15. Bd2 Nd4 16. Nxg6 fxg6 17. f4 Rde8 18. Qf2 Rhf8 19. Rde1 g5 20. Bh5 Re7 21.
Rhg1 g4 22. Re3 Qf5 23. Nxd5 Rd7 24. Nc3 Qxh5 25. Rge1 exf4 26. gxf4 Nf3 27.
R1e2 Bd4 28. Qg3 Nxd2 29. Re5 Qf7 30. f5 Bxe5 31. Rxe5 Nf3 32. Rxc5+ Rc7 33.
Nb5 Rxc5 34. Nd6+ Kd7 35. Nxf7 Rxf7 36. Qb8 Rc7 37. Qh8 Rc6 38. Qb8 Rc7 39. Qg8
Ke7 40. Qg6 Rc6 41. Qg8 Nd4 42. Qb8 Rxf5 43. Qxb7+ Kf6 44. c3 Rf1+ 45. Kd2 Nf3+
46. Ke3 Re6+ 47. Kf4 Nh4+ 0-1

[Event "24. Engiadina Open"]
[Site "?"]
[Date "2017.10.14"]
[Round "7.6"]
[White "Frehner, Walter"]
[Black "Remensberger, Paul"]
[Result "1/2-1/2"]
[ECO "A41"]
[WhiteElo "1914"]
[BlackElo "2111"]
[PlyCount "138"]
[EventDate "2017.??.??"]
[TimeControl "6000+845"]
[WhiteClock "0:07:03"]
[BlackClock "0:58:36"]

1. d4 d6 2. Nf3 Nf6 3. c4 Bg4 4. e3 g6 5. h3 Bxf3 6. Qxf3 Nc6 7. a3 a5 8. Bd3
Bg7 9. O-O O-O 10. Nc3 Re8 11. Bd2 Nd7 12. Be4 e5 13. Bd5 Rf8 14. Nb5 exd4 15.
exd4 Nxd4 16. Nxd4 Bxd4 17. Bxb7 Rb8 18. Rab1 a4 19. Bh6 Bg7 20. Be3 Ne5 21.
Qd5 Nxc4 22. Ba7 Rxb7 23. Qxb7 Nd2 24. Qc6 Nxf1 25. Kxf1 Qe8 26. Qxc7 Qb5+ 27.
Kg1 Qd3 28. Qc1 Re8 29. Be3 d5 30. Qd1 Qxd1+ 31. Rxd1 d4 32. Bd2 Rc8 33. Rc1
Rb8 34. Bb4 d3 35. Rd1 Rd8 36. Rd2 Bh6 37. Rd1 f5 38. Kf1 Kf7 39. Bc3 Ke6 40.
Ke1 Rd5 41. Rb1 Kd6 42. b4 axb3 43. Rxb3 Kc5 44. Rb4 Rd7 45. f4 Bf8 46. Kd2 Be7
47. Rb8 Kd5 48. Bb4 Bxb4+ 49. Rxb4 Kc5 50. Rb3 Rd4 51. g3 h5 52. Rc3+ Kb5 53.
Rxd3 Ra4 54. Ke3 Kc6 55. h4 Kc7 56. Kd2 Kc6 57. Kc2 Ra8 58. Kb3 Rb8+ 59. Ka2
Ra8 60. Rd4 Re8 61. Rd3 Ra8 62. Kb3 Rb8+ 63. Kc4 Ra8 64. Rc3 Kd6 65. Rb3 Kc6
66. Kc3 Re8 67. Kb4 Rb8+ 68. Kc4 Ra8 69. Rc3 Kd6 1/2-1/2